Map: Submarine LE

Players

Speakthen

  • Race: Terran Terran
  • League: Master
  • Spawn Location: 11:00

Neuro - Winner!

  • Race: Zerg Zerg
  • League: Master
  • Spawn Location: 5:00

VOD

Have the link to the VOD?

Description

Time

  • Played on: June 23, 2020, 9:22 p.m.
  • Length: 15:03
Show
View Real Time Build Order
Export as new Build Order

Speakthen Terran 

Build Orders: Reaper Expand 

Get SALT Encoding   

  12  0:01  SCV  
  13  0:13  SCV  
  14  0:17  Supply Depot  
  14  0:25  SCV  
  15  0:38  SCV  
  15  0:40  Barracks  
  16  0:43  Refinery  
  16  0:50  SCV  
  17  1:02  SCV  
  18  1:14  SCV  
  19  1:27  Orbital Command  
  19  1:28  Reaper  
  20  1:42  Command Center  
  20  1:51  Supply Depot  
  20  1:53  SCV  
  21  2:00  Marine  
  22  2:05  SCV  
  23  2:09  Factory  
  23  2:18  SCV  
  23  2:19  Refinery  
  23  2:21  Barracks Reactor  
  24  2:30  SCV  
  25  2:42  SCV  
  26  2:54  SCV  
  26  2:55  Orbital Command, Starport  
  27  3:05  Marine, Hellion x2  
  32  3:06  SCV  
  33  3:18  SCV  
  34  3:21  SCV  
  34  3:25  Supply Depot  
  34  3:28  Hellion  
  34  3:30  SCV  
  34  3:31  Fusion Core  
  37  3:34  Starport Tech Lab  
  37  3:37  Hellion  
  37  3:40  SCV  
  40  3:44  SCV  
  41  3:49  Supply Depot  
  41  3:58  SCV x2  
  43  4:10  SCV x2  
  43  4:14  Command Center  
  45  4:22  Battlecruiser, SCV  
  45  4:23  SCV  
  53  4:31  Supply Depot  
  53  4:34  SCV  
  53  4:35  SCV  
  53  4:37  Hellion x2  
  59  4:38  Barracks Tech Lab  
  59  4:46  SCV  
  59  4:47  SCV  
  61  4:56  Barracks  
  61  4:57  Stimpack  
  61  4:58  Barracks, SCV  
  61  4:59  SCV  
  63  5:08  Engineering Bay x2  
  63  5:09  Refinery  
  63  5:10  SCV  
  63  5:11  Factory Reactor, SCV  
  65  5:18  Refinery  
  65  5:22  SCV  
  65  5:23  SCV, Supply Depot  
  65  5:28  SCV  
  68  5:35  SCV x2  
  70  5:40  SCV  
  71  5:47  SCV  
  72  5:51  Starport Reactor  
  72  5:52  SCV  
  72  5:53  Barracks  
  72  5:56  Terran Infantry Weapons Level 1, Terran Infantry Armor Level 1  
  74  5:57  Barracks, Orbital Command  
  74  6:00  SCV  
  70  6:07  Marine x4  
  70  6:08  Siege Tank  
  70  6:09  SCV  
  70  6:12  SCV  
  70  6:16  Marine  
  72  6:22  Orbital Command, SCV  
  72  6:25  Marine, SCV  
  75  6:26  Marine x3  
  78  6:32  Supply Depot  
  78  6:34  Marine, Supply Depot  
  78  6:39  Medivac, Supply Depot  
  81  6:40  Medivac, Siege Tank  
  81  6:41  Barracks Reactor  
  81  6:42  Marine  
  81  6:43  SCV x2  
  89  6:50  SCV  
  89  6:54  Marine x3, Barracks Reactor  
  91  6:55  SCV x2  
  91  6:59  Supply Depot x2  
  95  7:03  Marine x2, SCV  
  95  7:07  SCV x2  
  100  7:11  Marine x2  
  100  7:12  Marine  
  102  7:20  Marine  
  102  7:22  Marine x3  
  105  7:26  Armory  
  105  7:28  SCV x2  
  105  7:29  Marine  
  108  7:30  SCV  
  108  7:31  Marine  
  108  7:32  Marine x3, Medivac, Siege Tank  
  108  7:33  Medivac  
  120  7:38  Marine  
  120  7:40  SCV  
  122  7:53  Marine x8  
  122  7:56  Marine  
  131  8:02  Refinery  
  131  8:03  Command Center, Refinery  
  131  8:09  Supply Depot  
  131  8:10  Supply Depot  
  131  8:11  Marine x7  
  131  8:19  Marine  
  125  8:23  Marine  
  125  8:25  Siege Tank  
  127  8:28  Marine  
  127  8:29  Marine x2, Terran Infantry Armor Level 2, Terran Infantry Weapons Level 2  
  127  8:30  Terran Vehicle And Ship Armor Level 1  
  127  8:32  SCV x2  
  127  8:34  Factory  
  122  8:45  Combat Shield  
  122  8:53  Marine x9  
  76  8:55  Medivac x2  
  135  9:05  Widow Mine  
  137  9:10  Marine  
  137  9:11  Marine x8  
  108  9:28  Marine  
  108  9:29  Marine x8  
  116  9:35  Factory Reactor  
  116  9:41  Medivac x2, Widow Mine  
  122  9:46  Marine  
  122  9:47  Marine x5  
  128  9:53  Marine x3  
  131  10:04  Marine x2  
  131  10:11  Marine x4  
  131  10:13  Missile Turret  
  118  10:22  Marine  
  118  10:23  Marine x4  
  118  10:24  Medivac x2, Widow Mine x2  
  131  10:28  Marine  
  131  10:29  Marine  
  131  10:35  Widow Mine, Supply Depot  
  135  10:36  Supply Depot  
  135  10:41  Barracks x3  
  134  10:45  Widow Mine x2  
  119  10:52  Terran Infantry Weapons Level 3, Terran Infantry Armor Level 3  
  103  10:57  Marine  
  103  10:58  Marine x4  
  103  11:05  Marine  
  104  11:23  Command Center, Marine  
  104  11:24  Marine x5  
  110  11:31  Barracks Tech Lab x3  
  107  11:40  Marine x3  
  107  11:41  Marine x5  
  115  11:51  Marauder x2  
  119  12:04  Marine x8  
  119  12:06  Widow Mine  
  129  12:14  Concussive Shells  
  121  12:16  Marauder  
  121  12:17  Marauder x2  
  127  12:29  Marine  
  128  12:30  Marine x7  
  128  12:35  Widow Mine x2  
  139  12:43  Marauder  
  145  12:44  Marauder x2  
  145  13:05  Reaper  
  141  13:37  Planetary Fortress  
  138  13:51  Marine  
  138  13:52  Marine x9  
  138  13:53  Marauder  
  138  13:54  Widow Mine x2  
  127  14:15  Marine  
  127  14:16  Marine x8, Marauder  
  110  14:24  Marine  
  95  14:33  Marine x2  
  95  14:34  Marine x7  
  95  14:37  Marine  
Show
View Real Time Build Order
Export as new Build Order

Neuro Zerg - Winner!

Build Orders: Hatch First, Brood Lord Corruptor 

Get SALT Encoding   

  12  0:01  Drone  
  13  0:12  Overlord  
  13  0:16  Drone  
  14  0:31  Drone x2  
  16  0:48  Hatchery  
  15  0:51  Drone  
  15  0:54  Drone  
  17  0:57  Drone  
  18  1:08  Extractor  
  17  1:13  Spawning Pool  
  17  1:16  Drone  
  17  1:19  Drone  
  18  1:28  Drone  
  19  1:39  Drone  
  20  1:50  Overlord  
  20  2:00  Queen x2  
  26  2:01  Zergling x4  
  26  2:08  Metabolic Boost  
  26  2:11  Drone  
  26  2:12  Drone  
  28  2:22  Drone  
  29  2:24  Drone  
  30  2:34  Spore Crawler  
  30  2:35  Spore Crawler  
  30  2:36  Overlord  
  28  2:37  Drone  
  28  2:42  Queen  
  28  2:44  Queen  
  33  2:47  Overlord  
  33  2:50  Drone  
  36  2:59  Drone  
  36  3:00  Drone  
  38  3:06  Drone x2  
  38  3:10  Drone  
  38  3:11  Drone x2  
  38  3:12  Drone  
  44  3:14  Drone x2  
  44  3:19  Overlord  
  46  3:24  Overlord  
  46  3:33  Overlord  
  46  3:37  Hatchery  
  46  3:40  Drone x3  
  48  3:45  Queen  
  50  3:49  Drone  
  50  3:50  Drone  
  50  3:55  Extractor  
  51  4:02  Drone x2  
  53  4:03  Baneling Nest  
  53  4:09  Drone x2  
  58  4:10  Drone x4  
  58  4:19  Spore Crawler  
  58  4:20  Drone x2  
  58  4:21  Queen  
  61  4:26  Zergling x4  
  63  4:31  Lair  
  63  4:35  Zergling x2  
  63  4:37  Drone x4  
  68  4:41  Spore Crawler  
  67  4:50  Spore Crawler  
  67  4:51  Queen  
  68  4:55  Zergling x10  
  68  4:56  Drone  
  74  5:02  Overlord x3  
  74  5:10  Overlord  
  74  5:13  Extractor  
  73  5:20  Queen  
  75  5:23  Drone x9  
  75  5:26  Queen  
  86  5:39  Zergling x10  
  89  5:49  Baneling x2  
  89  5:53  Drone x9  
  98  6:03  Zergling x12  
  95  6:12  Spire  
  95  6:13  Extractor  
  95  6:15  Hatchery  
  95  6:17  Queen  
  94  6:22  Zergling x14  
  94  6:23  Zergling x2  
  102  6:27  Hatchery  
  101  6:34  Extractor  
  101  6:35  Drone  
  101  6:37  Queen  
  101  6:38  Centrifical Hooks  
  101  6:39  Overseer  
  103  6:53  Overlord  
  103  6:54  Overseer, Overlord x4  
  103  7:07  Evolution Chamber  
  103  7:08  Evolution Chamber, Pneumatized Carapace  
  101  7:12  Overlord  
  101  7:13  Drone x11  
  112  7:17  Drone x3  
  114  7:26  Zerg Flyer Weapons Level 1  
  114  7:31  Corruptor  
  114  7:32  Corruptor x4  
  122  7:42  Zergling x10  
  122  7:43  Zergling x4  
  129  7:44  Baneling  
  129  7:45  Baneling x7  
  129  7:50  Zergling x16  
  135  7:55  Zergling x6  
  138  7:58  Zerg Ground Armor Level 1  
  137  8:07  Zergling x10  
  137  8:11  Zergling x6  
  128  8:13  Zergling x2  
  128  8:16  Zergling x6  
  128  8:18  Zerg Melee Weapons Level 1  
  120  8:25  Zergling x10  
  123  8:30  Zergling x12  
  123  8:31  Zergling x2  
  123  8:32  Infestation Pit  
  129  8:35  Zergling x4  
  131  8:45  Zergling x10  
  131  8:46  Zergling x6  
  139  8:52  Baneling  
  139  8:53  Baneling x2, Zergling x8  
  142  9:01  Overlord x3  
  137  9:12  Zergling x18  
  137  9:15  Zergling x12  
  135  9:18  Zergling x2  
  135  9:22  Hive  
  126  9:26  Zergling x12  
  126  9:30  Baneling  
  126  9:31  Baneling x3  
  131  9:38  Corruptor x5, Overlord  
  131  9:41  Zergling x8  
  145  9:46  Burrow  
  145  9:49  Zergling x12  
  151  9:59  Zergling x20  
  148  10:08  Zergling x10  
  148  10:10  Zergling x8  
  148  10:13  Zergling x4  
  141  10:19  Zerg Ground Armor Level 2, Zerg Melee Weapons Level 2  
  134  10:23  Extractor, Baneling x2  
  134  10:24  Extractor  
  134  10:25  Zergling x10  
  137  10:31  Baneling x3  
  137  10:32  Baneling x5  
  137  10:35  Greater Spire  
  137  10:37  Zergling x12  
  143  10:44  Zergling x14  
  142  10:56  Zergling x22  
  153  11:03  Zergling x12  
  147  11:19  Zergling x22  
  156  11:27  Zergling x12  
  156  11:29  Baneling x7  
  156  11:30  Baneling  
  156  11:32  Zergling x4  
  145  11:40  Overseer  
  145  11:41  Overseer  
  145  11:42  Adrenal Glands  
  145  11:48  Drone x4  
  145  11:50  Baneling x8  
  145  11:51  Baneling x7  
  149  11:57  Extractor  
  149  11:58  Brood Lord  
  149  11:59  Brood Lord  
  152  12:07  Zerg Flyer Weapons Level 2, Spore Crawler  
  149  12:14  Brood Lord  
  141  12:18  Zergling x26  
  154  12:27  Drone x3  
  157  12:31  Brood Lord x2  
  161  12:40  Hatchery  
  160  12:47  Corruptor x2  
  159  13:00  Zergling x14  
  159  13:02  Zergling x14  
  159  13:18  Brood Lord x3  
  158  13:37  Brood Lord x2  
  154  14:09  Zergling x6  
  139  14:10  Zergling x34  
  146  14:19  Zergling x10  
  146  14:20  Zergling x12  
  146  14:21  Drone x3  
  154  14:26  Corruptor  
  149  14:33  Corruptor  
  149  14:34  Corruptor  
  149  14:36  Drone  
  149  14:37  Drone x2  
  153  14:44  Overseer  
Tags
 
Add a new tag
Caveats
  • Supply blocks, unpowered buildings, or Contaminate may cause inaccurate times.
  • Supply counts are checked every 10 seconds.